 Dungeon Crawl Stone Soup version 0.28.0-45-g0d030f2227 (webtiles) character file.

Game seed: 1840118064988422858

2270 thiscave3701365 the Cleaver (level 9, -1/77 HPs)
             Began as a Hill Orc Berserker on Apr 12, 2022.
             Was a Priest of Trog.
             Slain by an orc
             ... wielding a +0 dagger
              (3 damage)
             ... on level 8 of the Dungeon.
             The game lasted 00:05:48 (6810 turns).

thiscave3701365 the Cleaver (Hill Orc Berserker)    Turns: 6810, Time: 00:05:49

Health: -1/77      AC: 13    Str: 24    XL:     9   Next: 38%
Magic:  9/9        EV:  9    Int:  7    God:    Trog [***...]
Gold:   260        SH:  0    Dex: 10    Spells: 8/8 levels left

rFire   . . .      SeeInvis .   a - +0 hand axe
rCold   . . .      Faith    .   (no shield)
rNeg    . . .      Spirit   .   h - +0 chain mail
rPois   .          Reflect  .   (no helmet)
rElec   .          Harm     .   i - +0 cloak
rCorr   .          Rampage  .   u - +1 pair of gloves
Will    .....                   (no boots)
Stlth   ..........              s - amulet of magic regeneration
HPRegen 0.22/turn               (no ring)
MPRegen 0.51/turn               (no ring)

@: slowed, very slow
A: no striking features
a: Renounce Religion, Berserk, Trog's Hand


You were on level 8 of the Dungeon.
You worshipped Trog.
Trog was most pleased with you.
You visited 1 branch of the dungeon, and saw 8 of its levels.

You collected 260 gold pieces.

Inventory:

Hand Weapons
 a - a +0 hand axe (weapon)
Armour
 h - a +0 chain mail (worn)
 i - a +0 cloak (worn)
 p - the +0 robe of Ozeyliew {rF+ rC+ Slay+5}
   (You found it on level 2 of the Dungeon)

   Slay:      It affects your accuracy & damage with ranged weapons and melee
   (+5).
   rF:        It protects you from fire.
   rC:        It protects you from cold.
 u - a +1 pair of gloves (worn)
Jewellery
 s - an amulet of magic regeneration (around neck)
Scrolls
 c - 6 scrolls of identify
 d - 2 scrolls of immolation {unknown}
 j - 2 scrolls of enchant armour
 k - a scroll of blinking {unknown}
 l - a scroll of teleportation {unknown}
 o - 2 scrolls of noise {unknown}
 r - a scroll of vulnerability {unknown}
 t - a scroll of fog {unknown}
 v - 4 scrolls of magic mapping {unknown}
Potions
 b - 2 potions of lignification {unknown}
 e - 2 potions of might {unknown}
 f - a potion of cancellation {unknown}
 g - 3 potions of curing
 m - a potion of ambrosia {unknown}
 n - a potion of degeneration {unknown}
 q - 2 potions of flight {unknown}


   Skills:
 + Level 6.3 Fighting
 + Level 12.9 Axes
 + Level 6.4 Armour
 + Level 2.3 Dodging
 + Level 1.0 Stealth


You had 8 spell levels left.
You didn't know any spells.
Your spell library was empty.

Dungeon Overview and Level Annotations

Branches:
Dungeon (9/15)
 Temple: D:4-7         Lair: D:8-11         Orc: D:9-12

Altars:
Elyvilon
Xom

Shops:
D:2 (

Annotations:
D:2 1 runed translucent door, Crazy Yiuf


Message History

The orc is almost dead.
You hit the orc. You hit the orc wizard. You slash the orc!
You kill the orc!
Trog accepts your kill. The orc barely misses you.
The orc wizard completely misses you. The orc hits you but does no damage.
You slash the orc!
You kill the orc!
Trog accepts your kill.
You barely miss the orc.
You hit the orc wizard but do no damage.
You hit the orc but do no damage. The orc wizard closely misses you.
The orc closely misses you.
You hit the orc but do no damage. You hit the orc.
You hit the orc wizard but do no damage.
The orc hits you with a +0 dagger.
* * * LOW HITPOINT WARNING * * *
The orc wizard closely misses you. The orc hits you but does no damage.
Unknown command.
It was a potion of curing.
You feel better. The orc hits you with a +0 mace.
* * * LOW HITPOINT WARNING * * *
The orc closely misses you. The orc wizard casts a spell at you.
The puff of flame hits you!
* * * LOW HITPOINT WARNING * * *
The orc hits you with a +0 mace.
* * * LOW HITPOINT WARNING * * *
The orc hits you with a +0 mace.
* * * LOW HITPOINT WARNING * * *
As you read the scroll labelled LARURYIQAU, it crumbles to dust.
It is a scroll of identify.
j - 2 scrolls of enchant armour The orc completely misses you.
The orc wizard gestures at you while chanting.
The magic dart hits you.
* * * LOW HITPOINT WARNING * * *
The orc hits you but does no damage. The orc hits you with a +0 mace.
* * * LOW HITPOINT WARNING * * *
The orc hits you with a +0 dagger.
You die...

# ..######### ###
..........####### #.#
..........'.....# #.#####...
..........#####.###........#
.............#....#.#####..####
..#####.####.#..#.#............
#######.####.#.oo...##.#.......
..............oo@..............
#######o##...#.o#......#.).....
.....o)).##..#......#..#...#.#.
....oo...+...#..#..............
.........##..#..#.#.#..##.##.#.
.$.......###.#................
.........# #...#.............#
.........# ##..######..........
########## ...#.###.#...#


You could see an orc wizard and 4 orcs.

Vanquished Creatures
  Pikel (D:8)
  Grinder (D:5)
  Sigmund (D:3)
  A steam dragon (D:8)
  Menkaure (D:5)
  An ice beast (D:7)
  A black bear (D:8)
  An ogre (D:4)
  A phantom (D:4)
  2 lemures (D:8)
  A bullfrog (D:8)
  A kobold brigand (D:7)
  A wyvern skeleton (D:5)
  5 wights (D:8)
  A bullfrog zombie (D:5)
  2 jellies (D:5)
  A hound (D:7)
  Terence (D:2)
  An iguana (D:4)
  Natasha (thrice) (D:2)
  An orc wizard (D:8)
  A howler monkey zombie (D:8)
  2 howler monkey skeletons (D:4)
  7 adders
  2 white imps
  2 ufetubi
  2 dart slugs
  7 orcs
  9 endoplasms
  4 giant cockroaches
  5 goblins
  7 hobgoblins
  8 jackals
  4 quokkas
  12 ball pythons
  3 bats
  13 kobolds
  7 rats
124 creatures vanquished.

Vanquished Creatures (others)
  45 fungi (D:9)
  37 plants
82 creatures vanquished.

Grand Total: 206 creatures vanquished

Notes
Turn   | Place    | Note
-------+----------+-------------------------------------------
     0 | D:1      | thiscave3701365 the Hill Orc Berserker began the quest for
                  | the Orb.
     0 | D:1      | Reached XP level 1. HP: 19/19 MP: 1/1
   117 | D:1      | Reached XP level 2. HP: 20/26 MP: 2/2
   320 | D:1      | Reached skill level 5 in Axes
   935 | D:1      | Reached ** piety under Trog
   936 | D:1      | Reached XP level 3. HP: 31/31 MP: 3/3
  1338 | D:1      | Found a faded altar of an unknown god.
  1499 | D:2      | Found Nijyemn's Weapon Emporium.
  1570 | D:2      | Reached skill level 6 in Axes
  1595 | D:2      | Found a runed translucent door.
  1596 | D:2      | Noticed Crazy Yiuf
  1668 | D:2      | Noticed Terence
  1691 | D:2      | Killed Terence
  1692 | D:2      | Reached XP level 4. HP: 25/39 MP: 4/4
  2055 | D:2      | Noticed Natasha
  2061 | D:2      | Killed Natasha
  2062 | D:2      | Reached skill level 7 in Axes
  2169 | D:2      | Noticed Natasha
  2184 | D:2      | Killed Natasha
  2185 | D:2      | Reached XP level 5. HP: 41/45 MP: 5/5
  2262 | D:3      | Noticed Sigmund
  2292 | D:3      | Killed Sigmund
  2293 | D:3      | Reached skill level 9 in Axes
  2293 | D:3      | Reached XP level 6. HP: 9/51 MP: 6/6
  2752 | D:3      | Found a white marble altar of Elyvilon.
  3070 | D:3      | Found a shimmering altar of Xom.
  3272 | D:2      | Identified the +0 robe of Ozeyliew {rF+ rC+ Slay+5}
  3280 | D:2      | Noticed Natasha
  3290 | D:2      | Killed Natasha
  3457 | D:4      | Reached *** piety under Trog
  3470 | D:4      | Identified the +0 leather armour "Guaheamopa" {rPois Dex+4}
  3605 | D:4      | Reached XP level 7. HP: 45/58 MP: 7/7
  4151 | D:4      | Reached skill level 10 in Axes
  4969 | D:5      | Entered Level 5 of the Dungeon
  5022 | D:5      | Noticed Menkaure
  5033 | D:5      | Killed Menkaure
  5343 | D:5      | Noticed Grinder
  5343 | D:5      | Paralysed by Grinder for 7 turns
  5356 | D:5      | Killed Grinder
  5357 | D:5      | Reached skill level 11 in Axes
  5357 | D:5      | Reached XP level 8. HP: 67/67 MP: 8/8
  5722 | D:5      | You fall into a shaft and drop 3 floors!
  5728 | D:8      | Reached skill level 5 in Fighting
  6006 | D:8      | Reached skill level 5 in Armour
  6009 | D:8      | Noticed Pikel
  6308 | D:8      | Killed Pikel
  6309 | D:8      | Reached skill level 12 in Axes
  6309 | D:8      | Reached skill level 1 in Stealth
  6309 | D:8      | Reached XP level 9. HP: 66/75 MP: 9/9
  6810 | D:8      | HP: 2/77 [orc/+0 mace (3)]
  6810 | D:8      | Slain by an orc

Illustrated notes

Levels and vault maps discovered:
D:1:      dpeg_arrival_chambers_temple_mockup, layout_loops_ring,
          dreamdust_ecumenical_altar_hidden_monk_grotto
D:2:      layout_rooms, serial_shops, nicolae_shop_bloodbath_and_beyond,
          uniq_natasha, uniq_terence, uniq_crazy_yiuf_cottage
D:3:      layout_rooms, mainiacjoe_overflow_alcove_4, elyvilon_altar_5,
          uniq_sigmund
D:4:      minmay_wonky_spiral, layout_loops_corners, minmay_surrounded
D:5:      layout_basic, uniq_grinder, uniq_menkaure
D:7:      layout_basic, hex_tiny, uniq_harold
D:8:      layout_basic, okawaru_gym_becter, uniq_pikel
D:9:      layout_loops_corners, due_lair_maze_entry_diamond,
          nicolae_lava_and_water

Skill      XL: |  1  2  3  4  5  6  7  8  9 |
---------------+----------------------------+-----
Axes           | 5 6 7 9 11 12 | 12.9
Fighting       | 4 6 |  6.3
Armour         | 4 5 6 |  6.4
Dodging        | 2 |  2.3
Stealth        | 1 |  1.0

Action                   |  1- 3 |  4- 6 |  7- 9 || total
-------------------------+-------+-------+-------++-------
Melee: Hand axe          |   106 |   148 |   236 ||   490
       Punch             |       |       |     4 ||     4
Invok: Berserk           |     2 |     1 |     9 ||    12
  Use: Scroll            |       |       |     1 ||     1
       Potion            |       |       |     1 ||     1
 Stab: Sleeping          |     1 |       |       ||     1
Armor: Animal skin       |    15 |       |       ||    15
       Chain mail        |    19 |    60 |   134 ||   213
Dodge: Dodged            |    53 |    37 |   104 ||   194
